 Dungeon Crawl Stone Soup version 0.21.1-1-g345015f (webtiles) character file.

572 protoss039 the Fighter (level 7, -3/50 HPs)
             Began as a Gargoyle Monk on June 8, 2018.
             Slain by doot's ghost (21 damage)
             ... on level 5 of the Dungeon.
             The game lasted 00:11:33 (3857 turns).

protoss039 the Fighter (Gargoyle Monk)              Turns: 3857, Time: 00:11:35

Health: -3/50      AC: 19    Str: 15    XL:     7   Next: 34%
Magic:  7/7        EV: 10    Int: 10    God:
Gold:   253        SH:  0    Dex: 14    Spells: 6/6 levels left

rFire    . . .     SeeInvis .   q - +2 flail (protect)
rCold    . . .     Gourm    .   (no shield)
rNeg     + . .     Faith    .   z - +0 scale mail
rPois    ∞         Spirit   .   (no helmet)
rElec    +         Reflect  .   (no cloak)
rCorr    .         Harm     .   (no gloves)
MR       .....                  m - +0 pair of boots
Stlth    +.........             (no amulet)
HPRegen  0.16/turn              (no ring)
MPRegen  0.10/turn              (no ring)

@: protection aura
A: negative energy resistance 1, electricity resistance, unbreathing,
petrification resistance, rot immunity, AC +4
a: no special abilities


You were on level 5 of the Dungeon.
You were hungry.

You visited 1 branch of the dungeon, and saw 5 of its levels.

You collected 253 gold pieces.

Inventory:

Hand Weapons
 q - a +2 flail of protection (weapon)
Armour
 m - a +0 pair of boots (worn)
 z - a +0 scale mail (worn)
Jewellery
 f - an uncursed ring of ice {unknown}
 h - an uncursed ring of magical power {unknown}
 o - a +2 ring of strength {unknown}
 w - a cursed ring of loudness {unknown}
Wands
 n - a wand of iceblast (15)
Scrolls
 g - 2 scrolls of noise {unknown}
 i - a scroll of magic mapping {unknown}
 j - 8 scrolls of identify {unknown}
 l - 2 scrolls of enchant armour {unknown}
 r - 3 scrolls of fear {unknown}
 t - a scroll of enchant weapon {unknown}
 u - 4 scrolls of teleportation {unknown}
 x - a scroll of amnesia {unknown}
 y - a scroll of remove curse {unknown}
Potions
 a - 2 potions of curing
 b - 2 potions of haste {unknown}
 d - a potion of brilliance {unknown}
 e - 3 potions of flight {unknown}
 k - a potion of resistance {unknown}
 p - 2 potions of heal wounds {unknown}
 s - a potion of ambrosia {unknown}
Comestibles
 c - 8 rations


   Skills:
 * Level 8.3 Fighting
 - Level 3.0 Maces & Flails
 + Level 3.1 Armour
 - Level 2.4 Dodging
 - Level 2.1 Stealth


You had 6 spell levels left.
You didn't know any spells.

Dungeon Overview and Level Annotations

Branches:
Dungeon (5/15)
 Temple: D:4-7

Altars:
Wu Jian
The Shining One

Annotations:
D:5 doot's ghost, novice TrHu


Innate Abilities, Weirdness & Mutations

You are resistant to torment.
Your stone body is resilient. (AC +4)
You are immune to poison.
You resist negative energy. (rN+)
You are resistant to electric shocks. (rElec)
You can survive without breathing.
You are immune to petrification.
You are immune to rotting.


Message History

Doot's ghost is moderately damaged.
Doot's ghost hits you!
Unknown command.
You hit doot's ghost.
Doot's ghost is moderately damaged.
Doot's ghost hits you.
You closely miss doot's ghost.
Doot's ghost is moderately damaged.
Doot's ghost hits you.
You barely miss doot's ghost.
Doot's ghost is moderately damaged.
Doot's ghost hits you. Doot's ghost barely misses you.
You closely miss doot's ghost.
Doot's ghost is moderately damaged.
Doot's ghost barely misses you.
You sock doot's ghost!
Your weapon exudes an aura of protection.
Doot's ghost is moderately damaged.
Doot's ghost hits you!!
You die...

########...................
#.............####+########
#.............# .
#######.............# ..
#...................#...
#...................'..
#...................#
#...................##
#......#######..@W...#
###'####.....'%......#
#...........#.......#
#...........#.......#
#....##.....#.......#
#....##.....#.......#
#....##.....#.......#
#....##.....#.......#
#.....#.....#.......#


You could see doot's ghost.

Vanquished Creatures
  A black bear (D:4)
  A phantom (D:4)
  A scorpion (D:5)
  A crimson imp (D:4)
  2 orc priests (D:4)
  A hound (D:5)
  Jessica (D:3)
  3 worker ants
  A hound skeleton (D:4)
  4 adders
  An ooze (D:1)
  3 worms
  2 dart slugs
  2 leopard geckos
  6 orcs
  6 giant cockroaches
  3 goblins
  10 hobgoblins
  A quokka (D:4)
  A ball python skeleton (D:4)
  4 bats
  2 frilled lizards
  A goblin zombie (D:4)
  2 hobgoblin zombies (D:4)
  7 kobolds
  A kobold skeleton (D:4)
  2 kobold zombies (D:4)
  An orc skeleton (D:4)
  2 orc zombies (D:4)
  4 rats
77 creatures vanquished.

Notes
Turn   | Place    | Note
-------+----------+-------------------------------------------
     0 | D:1      | protoss039 the Gargoyle Monk began the quest for the Orb.
     0 | D:1      | Reached XP level 1. HP: 14/14 MP: 1/1
   404 | D:1      | Reached XP level 2. HP: 20/20 MP: 2/2
   447 | D:1      | Reached skill level 4 in Fighting
   786 | D:2      | Reached XP level 3. HP: 24/24 MP: 3/3
   813 | D:2      | Found an ornate altar of the Wu Jian Council.
  1535 | D:3      | Reached skill level 5 in Fighting
  1563 | D:3      | Noticed Jessica
  1596 | D:3      | Killed Jessica
  1596 | D:3      | Reached XP level 4. HP: 4/31 MP: 4/4
  2013 | D:3      | Reached skill level 1 in Armour
  2382 | D:4      | Found a glowing golden altar of the Shining One.
  2408 | D:4      | Reached skill level 6 in Fighting
  2408 | D:4      | Reached XP level 5. HP: 36/36 MP: 5/5
  2547 | D:4      | Noticed a phantom
  2563 | D:4      | Killed a phantom
  2563 | D:4      | Reached skill level 7 in Fighting
  2563 | D:4      | Reached XP level 6. HP: 39/44 MP: 6/6
  2611 | D:4      | Noticed a black bear
  2618 | D:4      | Killed a black bear
  2911 | D:4      | Reached XP level 7. HP: 19/48 MP: 7/7
  3505 | D:4      | Reached skill level 8 in Fighting
  3700 | D:5      | Entered Level 5 of the Dungeon
  3845 | D:5      | Noticed doot's ghost (novice TrHu)
  3857 | D:5      | Slain by doot's ghost

Skill      XL: |  1  2  3  4  5  6  7 |
---------------+----------------------+-----
Fighting       | 4 5 6 7 8 |  8.3
Armour         | 1 2 3 |  3.1
Maces & Flails | |  3.0
Dodging        | |  2.4
Stealth        | |  2.1

Action                   |  1- 3 |  4- 6 |  7- 9 || total
-------------------------+-------+-------+-------++-------
Melee: Mace              |   125 |       |       ||   125
       Flail             |       |   110 |    57 ||   167
  Use: Potion            |       |     1 |       ||     1
 Stab: Sleeping          |     4 |       |       ||     4
  Eat: Chunk             |     2 |     4 |     3 ||     9
Armor: Robe              |    14 |       |       ||    14
       Leather armour    |    37 |     9 |       ||    46
       Scale mail        |       |    53 |    32 ||    85
Dodge: Dodged            |    87 |    76 |    33 ||   196
